[Event "Titled Tuesday Blitz May 25 2021"]
[White "Herrera Reyes, Jose Antonio"]
[Black "Niraj, Saripalli"]
[WhiteFideId "2274914"]
[BlackFideId "5045657"]
[WhiteElo "2370"]
[BlackElo "2113"]
[Result "1-0"]
[Round "07"]
[TimeControl "180+1"]
[Date "2021.05.25"]
[WhiteClock "0:00:27"]
[BlackClock "0:00:06"]

1. Nf3 b6 2. g3 Bb7 3. Bg2 e6 4. d3 Nf6 5. O-O c5 6. Nc3 d6 7. d4 Nbd7 8. dxc5 bxc5 9. Bf4 e5 10. Bg5 h6 11. Bc1 d5 12. Nh4 Nb6 13. a4 g5 14. Nf5 Qd7 15. e4 d4 16. a5 Nc4 17. Qe2 Nd6 18. Nd5 Nxd5 19. Nxd6+ Qxd6 20. exd5 Bxd5 21. Qb5+ Kd8 22. Bxd5 Qxd5 23. b4 Rc8 24. Ba3 h5 25. Rae1 f6 26. c4 Qf3 27. bxc5 h4 28. Qb1 Qxa3 29. Qg6 Rc6 30. Rxe5 Bxc5 31. Rd5+ Kc7 32. Qg7+ Be7 33. Qxh8 d3 34. Qe8 Kb7 35. Rd7+ Rc7 36. Rb1+ Kc6 37. Rxe7+ 1-0


[Site "https://www.chess.com"]

[Event "Titled Tuesday Blitz May 25 2021"]
[White "Hess, Robert"]
[Black "Maksimenko, Viktor"]
[WhiteFideId "2022036"]
[BlackFideId "13710478"]
[WhiteElo "2557"]
[BlackElo "2269"]
[Result "1-0"]
[Round "07"]
[TimeControl "180+1"]
[Date "2021.05.25"]
[WhiteClock "0:00:02"]
[BlackClock "0:00:01"]

1. b3 d5 2. Bb2 Bg4 3. d3 Nf6 4. Nd2 e6 5. h3 Bh5 6. Ngf3 Nbd7 7. g4 Bg6 8. Nh4 Bd6 9. Bg2 c6 10. c4 Qc7 11. Nxg6 hxg6 12. Qc2 O-O-O 13. O-O-O Kb8 14. Kb1 Be5 15. d4 Bd6 16. e3 Rhe8 17. f4 Rh8 18. Rc1 Rhe8 19. Bf3 Rh8 20. h4 Bb4 21. Nf1 Rde8 22. Ng3 Ka8 23. Rcg1 Rc8 24. Qe2 c5 25. g5 Nh5 26. Nxh5 gxh5 27. cxd5 cxd4 28. Bxd4 Bc3 29. Rc1 Qa5 30. dxe6 fxe6 31. Rxc3 Rxc3 32. Bxc3 Qxc3 33. Rc1 Qb4 34. Qc4 Qxc4 35. Rxc4 Kb8 36. Kc2 b6 37. Kd2 Rd8 38. Ke2 g6 39. Be4 Nf8 40. Rd4 Rc8 41. a4 Kc7 42. b4 Rd8 43. Rc4+ Kd6 44. a5 Ke7 45. Rc7+ Rd7 46. Rc8 Rd8 47. Rc6 Rd6 48. Rc3 Rd7 49. a6 Rd6 50. Rc8 Rd8 51. Rc7+ Rd7 52. Rc3 Rd6 53. Bc6 Rd8 54. b5 e5 55. Kf3 exf4 56. exf4 Ne6 57. Re3 Kf7 58. Re4 Nd4+ 59. Ke3 Nf5+ 60. Kf2 Nxh4 61. Re5 Nf5 62. Bd5+ Kg7 63. Be4 Nd6 64. Bd3 Nf7 65. Re3 Rd7 66. Kg3 Nd6 67. Kf3 Rf7 68. Re6 Nf5 69. Kf2 h4 70. Kg1 Re7 71. Bxf5 Rd7 72. Rxg6+ 1-0


[Site "https://www.chess.com"]

[Event "Titled Tuesday Blitz May 25 2021"]
[White "Ibadov, Dashgyn"]
[Black "Garcia, Gabriel Gonzaga"]
[WhiteFideId "24107514"]
[BlackFideId "2138956"]
[WhiteElo "2191"]
[BlackElo "2240"]
[Result "0-1"]
[Round "07"]
[TimeControl "180+1"]
[Date "2021.05.25"]
[WhiteClock "0:00:03"]
[BlackClock "0:00:57"]

1. e4 c6 2. d4 d5 3. e5 Bf5 4. Nf3 e6 5. Be2 Ne7 6. O-O c5 7. c4 Nbc6 8. dxc5 dxc4 9. Nbd2 Ng6 10. Nxc4 Bxc5 11. Nd6+ Bxd6 12. exd6 Be4 13. Be3 O-O 14. Qd2 Bd5 15. Bc5 Qd7 16. Nd4 Nxd4 17. Qxd4 Rfc8 18. Rac1 Qc6 19. b3 Bxg2 20. Ba3 Qe4 21. Qxe4 Bxe4 22. d7 Rd8 23. Rc7 Bc6 24. Rd1 Nf4 25. Bc4 Nd5 26. Bxd5 exd5 27. Be7 Rxd7 28. Rxd7 Bxd7 29. Rxd5 Bc6 30. Rd8+ Rxd8 31. Bxd8 f5 32. Bc7 Kf7 33. Bb8 a6 34. a4 a5 35. Bc7 Bd5 36. Bxa5 Bxb3 37. Kg2 Bxa4 38. Bb6 Bc6+ 39. Kg3 g5 40. h4 Kg6 41. hxg5 Kxg5 42. f4+ Kg6 43. Kh4 h5 44. Kg3 Be4 45. Kf2 h4 46. Bd8 h3 47. Kg3 Bg2 48. Bb6 Kf7 49. Bg1 Ke6 50. Kf2 b5 51. Ke3 Kd5 52. Kd3 b4 53. Bh2 Be4+ 54. Kd2 Kc4 55. Bg3 b3 56. Kc1 Kc3 0-1


[Site "https://www.chess.com"]

[Event "Titled Tuesday Blitz May 25 2021"]
[White "Iskusnyh, Sergei"]
[Black "Bok, Benjamin"]
[WhiteFideId "4120027"]
[BlackFideId "1017063"]
[WhiteElo "2492"]
[BlackElo "2674"]
[Result "0-1"]
[Round "07"]
[TimeControl "180+1"]
[Date "2021.05.25"]
[WhiteClock "0:00:01"]
[BlackClock "0:00:13"]

1. d4 Nf6 2. c4 e6 3. g3 d5 4. Nf3 Bb4+ 5. Bd2 Be7 6. Bg2 O-O 7. O-O c6 8. Qc2 Nbd7 9. a3 b6 10. cxd5 cxd5 11. Bb4 Ba6 12. Nc3 Rc8 13. Rfc1 Nb8 14. Qd1 Nc6 15. Bxe7 Qxe7 16. e3 Rc7 17. Bf1 Bxf1 18. Qxf1 Na5 19. Nd2 Rfc8 20. Nb5 Rc6 21. Rxc6 Rxc6 22. Rc1 h6 23. b4 Rxc1 24. Qxc1 Qd7 25. a4 Qc6 26. Qd1 a6 27. bxa5 axb5 28. a6 bxa4 29. a7 b5 30. Qb1 Qb7 31. Qxb5 Qxa7 32. Qb2 Ne4 33. Nb1 Qa5 34. Kg2 Qe1 35. Na3 Nd2 36. Qb8+ Kh7 37. Qb5 g6 38. h4 Qc1 39. Qd3 Ne4 40. h5 Qb2 41. hxg6+ Kxg6 42. Nc2 Qc3 0-1


[Site "https://www.chess.com"]

[Event "Titled Tuesday Blitz May 25 2021"]
[White "Jamshidi, Amir Hossein"]
[Black "Rahman, Ziaur"]
[WhiteFideId "12552941"]
[BlackFideId "10200037"]
[WhiteElo "2280"]
[BlackElo "2460"]
[Result "1-0"]
[Round "07"]
[TimeControl "180+1"]
[Date "2021.05.25"]
[WhiteClock "0:00:40"]
[BlackClock "0:00:11"]

1. d4 e6 2. Nf3 c5 3. e3 Nf6 4. Bd3 d5 5. O-O c4 6. Be2 b5 7. Ne5 Bb7 8. f4 Nc6 9. Bd2 Be7 10. Be1 Ne4 11. Nd2 Nxd2 12. Qxd2 O-O 13. Nxc6 Bxc6 14. f5 Bg5 15. fxe6 fxe6 16. Bg3 Qe7 17. Bf4 Bf6 18. Bg3 b4 19. Bg4 a5 20. c3 Be8 21. Qe2 Bg6 22. Qd2 Bd3 23. Be2 Bf5 24. Bf3 Bg5 25. Rfe1 Ra7 26. Qd1 Bh4 27. e4 Bxg3 28. hxg3 dxe4 29. Bxe4 Qg5 30. Qf3 Raf7 31. Qe3 Qg6 32. Bxf5 exf5 33. Qf4 Qb6 34. Re2 h6 35. Rf1 bxc3 36. bxc3 Kh7 37. Qe5 a4 38. Qe6 Qxe6 39. Rxe6 Rf6 40. Re5 Rb6 41. Rc5 Rb2 42. Rf2 Rb1+ 43. Kh2 Re8 44. Rxc4 Ree1 45. g4 fxg4 46. Kg3 h5 47. Rxa4 Re3+ 48. Kf4 Rxc3 49. Rd2 Rcc1 50. d5 Rd1 51. Rad4 Rxd2 52. Rxd2 Kg8 53. d6 Rb8 54. Kg5 Rd8 55. Kxh5 Kf7 56. Kxg4 Ke6 57. Kg5 Kd7 58. Kg6 Ra8 59. Kxg7 Ra3 60. Kf6 Rg3 61. Kf5 Ra3 62. g4 Ra5+ 63. Kf6 1-0


[Site "https://www.chess.com"]

[Event "Titled Tuesday Blitz May 25 2021"]
[White "Jobava, Baadur"]
[Black "Jaracz, Pawel"]
[WhiteFideId "13601520"]
[BlackFideId "1102222"]
[WhiteElo "2748"]
[BlackElo "2495"]
[Result "1-0"]
[Round "07"]
[TimeControl "180+1"]
[Date "2021.05.25"]
[WhiteClock "0:01:21"]
[BlackClock "0:00:12"]

1. d4 Nf6 2. Nc3 d5 3. Bf4 c6 4. Qd2 Bf5 5. f3 Nbd7 6. g4 Bg6 7. h4 h6 8. e3 Qb6 9. O-O-O e6 10. h5 Bh7 11. Bd3 Bxd3 12. Qxd3 Bb4 13. Nge2 a6 14. e4 O-O-O 15. e5 Ne8 16. Be3 Qa5 17. f4 Nb6 18. Kb1 Nc4 19. Bc1 Nc7 20. f5 Kb8 21. Rh3 Ka7 22. Rf1 Rd7 23. f6 gxf6 24. Rxf6 Qb6 25. Rhf3 Rg8 26. g5 Rxg5 27. Bxg5 Bxc3 28. Qxc3 Nb5 29. Qb3 hxg5 30. Kc1 Qa5 31. c3 c5 32. a4 Nxd4 33. Nxd4 cxd4 34. Qb4 Qc7 35. h6 Qxe5 36. Qc5+ b6 37. Qxd4 Qe1+ 38. Qd1 Qe4 39. Rxf7 Rxf7 40. Rxf7+ Kb8 41. h7 1-0


[Site "https://www.chess.com"]

[Event "Titled Tuesday Blitz May 25 2021"]
[White "Kamsky, Gata"]
[Black "Xiong, Jeffery"]
[WhiteFideId "2000024"]
[BlackFideId "2047640"]
[WhiteElo "2644"]
[BlackElo "2724"]
[Result "0-1"]
[Round "07"]
[TimeControl "180+1"]
[Date "2021.05.25"]
[WhiteClock "0:00:32"]
[BlackClock "0:00:49"]

1. d4 Nf6 2. Nf3 c5 3. d5 b5 4. c4 bxc4 5. Nc3 g6 6. e4 d6 7. Bxc4 Bg7 8. O-O O-O 9. h3 Nfd7 10. Bg5 h6 11. Bh4 Ba6 12. Nd2 Ne5 13. Bxa6 Nxa6 14. Qe2 Nb4 15. f4 Nd7 16. Nf3 c4 17. e5 Nd3 18. exd6 Qb6+ 19. Kh1 exd6 20. Rab1 Rfe8 21. Qd2 Rab8 22. f5 gxf5 23. Bg3 N7c5 24. Nh4 Bxc3 25. bxc3 Ne4 26. Rxb6 Nxd2 27. Rxb8 Rxb8 28. Rd1 Ne4 29. Nxf5 Ndf2+ 0-1


[Site "https://www.chess.com"]

[Event "Titled Tuesday Blitz May 25 2021"]
[White "Karttunen, Mika"]
[Black "Goryachkina, Aleksandra"]
[WhiteFideId "502081"]
[BlackFideId "4147103"]
[WhiteElo "2343"]
[BlackElo "2441"]
[Result "0-1"]
[Round "07"]
[TimeControl "180+1"]
[Date "2021.05.25"]
[WhiteClock "0:00:01"]
[BlackClock "0:00:43"]

1. e4 c5 2. Nf3 e6 3. d4 cxd4 4. Nxd4 a6 5. Nc3 Bc5 6. Nb3 Ba7 7. Qe2 Nc6 8. Be3 Bxe3 9. Qxe3 Nf6 10. O-O-O O-O 11. f4 b5 12. e5 b4 13. Na4 Nd5 14. Qg3 d6 15. Bc4 dxe5 16. fxe5 Nce7 17. Kb1 a5 18. Rhf1 Bd7 19. Nac5 a4 20. Nxd7 Qxd7 21. Nc5 Qc6 22. Bxd5 Nxd5 23. Ne4 b3 24. Rc1 bxa2+ 25. Ka1 a3 26. b3 Nb4 27. c3 Qxe4 28. cxb4 Qxb4 29. Qc3 Qe4 30. Kxa2 Qxg2+ 0-1


[Site "https://www.chess.com"]

[Event "Titled Tuesday Blitz May 25 2021"]
[White "Kazakouski, Valery"]
[Black "Terry, Renato"]
[WhiteFideId "13507443"]
[BlackFideId "3803457"]
[WhiteElo "2546"]
[BlackElo "2581"]
[Result "0-1"]
[Round "07"]
[TimeControl "180+1"]
[Date "2021.05.25"]
[WhiteClock "0:00:05"]
[BlackClock "0:00:05"]

1. d4 e6 2. c4 Bb4+ 3. Bd2 Qe7 4. Nf3 Nf6 5. g3 Nc6 6. Nc3 O-O 7. Bg2 Bxc3 8. Bxc3 Ne4 9. Rc1 d6 10. d5 Nd8 11. dxe6 Nxe6 12. O-O a5 13. Be1 Re8 14. Qc2 N6c5 15. Nd4 c6 16. f3 Nf6 17. e4 h5 18. h4 Qc7 19. Bd2 Nfd7 20. Rcd1 Ne5 21. Be3 Bd7 22. Rd2 Rad8 23. Rfd1 Bc8 24. Bf2 f6 25. b3 g5 26. Qc3 g4 27. f4 Nf3+ 28. Nxf3 Nxe4 29. Qc2 gxf3 30. Bxf3 Nxd2 31. Rxd2 Bg4 32. Bxg4 hxg4 33. Qf5 Qg7 34. Qxa5 Qh7 35. f5 Rd7 36. Rd4 Re5 37. Rxg4+ Kf7 38. Qa8 Re8 39. Qa5 Qh5 40. Rf4 Rde7 41. Qd2 Qe2 42. Qxd6 Qxa2 43. h5 Qxb3 44. h6 Qc2 45. Kg2 Re4 46. Rf3 Qxc4 47. h7 Qd5 48. Qc7+ R4e7 49. Qf4 Rh8 50. Qh4 Ke8 51. Qh5+ Qf7 52. Qxf7+ Kxf7 53. g4 Rxh7 54. Rf4 Rd7 55. Bd4 Rg7 56. Kf3 Rd5 57. Re4 Rg8 58. Bb2 Re8 59. Rxe8 Kxe8 60. Bxf6 b5 61. Kf4 b4 62. g5 b3 63. g6 Rd2 64. Ke3 b2 0-1


[Site "https://www.chess.com"]

[Event "Titled Tuesday Blitz May 25 2021"]
[White "Khanin, Semen"]
[Black "Kovalev, Vladislav"]
[WhiteFideId "4111990"]
[BlackFideId "13504398"]
[WhiteElo "2521"]
[BlackElo "2573"]
[Result "1-0"]
[Round "07"]
[TimeControl "180+1"]
[Date "2021.05.25"]
[WhiteClock "0:00:29"]
[BlackClock "0:00:08"]

1. e4 e5 2. Nf3 Nc6 3. Bb5 a6 4. Ba4 Nf6 5. O-O Be7 6. d3 b5 7. Bb3 d6 8. a3 O-O 9. Nc3 Nb8 10. h3 Nbd7 11. Re1 Nc5 12. Ba2 Be6 13. Ne2 Bxa2 14. Rxa2 a5 15. Ng3 Re8 16. Ra1 Bf8 17. Nh2 g6 18. Ng4 Nxg4 19. hxg4 Qh4 20. Qf3 Ne6 21. c3 a4 22. Be3 c5 23. Rad1 Rad8 24. Nf1 Be7 25. g3 Qh3 26. Nh2 Kg7 27. Qg2 Qxg2+ 28. Kxg2 d5 29. exd5 Rxd5 30. c4 Rd7 31. Nf3 f6 32. cxb5 Rb8 33. g5 Rxb5 34. gxf6+ Bxf6 35. Bc1 Rd5 36. Re4 Nd4 37. Nd2 h5 38. Nc4 Rb3 39. Be3 Nc6 40. Kf1 Be7 41. Ke2 Kf7 42. g4 h4 43. g5 Ke6 44. Rxh4 Nd4+ 45. Bxd4 cxd4 46. Re4 Kf5 47. f4 Bd6 48. fxe5 Bxe5 49. Rf1+ Ke6 50. Rf6+ Ke7 51. Rxe5+ Rxe5+ 52. Nxe5 Rxb2+ 53. Kf3 Rb3 54. Ke4 Rxa3 55. Nxg6+ Kd8 56. Ne5 Ra1 57. g6 a3 58. g7 Rg1 59. Rg6 1-0


[Site "https://www.chess.com"]

[Event "Titled Tuesday Blitz May 25 2021"]
[White "Koellner, Ruben Gideon"]
[Black "Kretov, Evgenij"]
[WhiteFideId "12993093"]
[BlackFideId "4167821"]
[WhiteElo "2523"]
[BlackElo "2381"]
[Result "0-1"]
[Round "07"]
[TimeControl "180+1"]
[Date "2021.05.25"]
[WhiteClock "0:00:04"]
[BlackClock "0:01:17"]

1. d4 Nf6 2. Bg5 Ne4 3. Bf4 c5 4. f3 Qa5+ 5. c3 Nf6 6. d5 Qb6 7. Bc1 e6 8. e4 exd5 9. exd5 d6 10. Na3 Be7 11. Nc4 Qc7 12. Ne3 O-O 13. Bd3 Re8 14. Ne2 Nbd7 15. f4 Nf8 16. O-O Rb8 17. a4 b6 18. c4 Bd8 19. Nc3 a6 20. Qf3 Ng6 21. g3 Bd7 22. Bd2 Qc8 23. Rfe1 Be7 24. b3 Ng4 25. Re2 Bf6 26. Rae1 Nxe3 27. Rxe3 Bd4 28. Kh1 Bxe3 29. Rxe3 Rxe3 30. Qxe3 Bf5 31. Kg2 Bxd3 32. Qxd3 Qg4 33. h3 Nh4+ 34. Kh2 Qf3 35. Qe4 Qf2+ 36. Kh1 Nf3 37. Qe2 Qg1# 0-1


[Site "https://www.chess.com"]

[Event "Titled Tuesday Blitz May 25 2021"]
[White "Korkmaz, Necmettin"]
[Black "Ronka, Erik"]
[WhiteFideId "6303285"]
[BlackFideId "505080"]
[WhiteElo "2094"]
[BlackElo "2264"]
[Result "1-0"]
[Round "07"]
[TimeControl "180+1"]
[Date "2021.05.25"]
[WhiteClock "0:00:11"]
[BlackClock "0:00:04"]

1. d4 d5 2. Nf3 Nf6 3. e3 Bg4 4. Be2 e6 5. O-O Nbd7 6. b3 Bd6 7. Bb2 O-O 8. Nbd2 Qe7 9. Ne5 Bxe2 10. Qxe2 Ba3 11. Bxa3 Qxa3 12. Nxd7 Nxd7 13. c4 c6 14. e4 dxe4 15. Nxe4 Qe7 16. Rfe1 Nf6 17. Rad1 Nxe4 18. Qxe4 Qa3 19. Re2 Rad8 20. h4 h6 21. Rd3 Qd6 22. Ree3 Rd7 23. Rg3 f5 24. Qe2 Rfd8 25. Rg6 Re7 26. h5 Kf7 27. d5 cxd5 28. cxd5 Kf8 29. Qf3 Qe5 30. dxe6 Qe1+ 31. Kh2 Qe5+ 32. g3 Rde8 33. Rd5 Qe1 34. Rxf5+ Kg8 35. Rf7 Qe5 36. Rxe7 Rxe7 37. Qg4 Kh7 38. Kg2 Qd5+ 39. Kh2 Qe5 40. Kg2 Qd5+ 41. Qf3 Qe5 42. Qd3 Kg8 43. Qd8+ Kh7 44. Qxe7 Qe4+ 45. Kh2 Qf3 46. Qxg7# 1-0


[Site "https://www.chess.com"]

[Event "Titled Tuesday Blitz May 25 2021"]
[White "Kosteniuk, Alexandra"]
[Black "Taboas Rodriguez, Daniel"]
[WhiteFideId "4128125"]
[BlackFideId "2208466"]
[WhiteElo "2521"]
[BlackElo "2429"]
[Result "1-0"]
[Round "07"]
[TimeControl "180+1"]
[Date "2021.05.25"]
[WhiteClock "0:02:16"]
[BlackClock "0:02:11"]

1. e4 e6 2. d4 d5 3. Nc3 Nc6 4. Nf3 Nf6 5. Bd3 Nb4 6. O-O Nxd3 7. Qxd3 Be7 8. e5 Nd7 9. Ne2 c5 10. c3 b6 11. Ng3 a5 12. Re1 Ba6 13. Qe3 Rc8 14. a3 Bc4 15. Qf4 Bd3 16. h4 b5 17. Nh5 g6 18. Ng7+ Kf8 19. Nxe6+ 1-0


[Site "https://www.chess.com"]

[Event "Titled Tuesday Blitz May 25 2021"]
[White "Krivonosov, Oleg"]
[Black "Isajevsky, Anton"]
[WhiteFideId "11600349"]
[BlackFideId "4142500"]
[WhiteElo "2469"]
[BlackElo "2510"]
[Result "1/2-1/2"]
[Round "07"]
[TimeControl "180+1"]
[Date "2021.05.25"]
[WhiteClock "0:00:34"]
[BlackClock "0:00:04"]

1. Nf3 c5 2. c4 g6 3. d4 Bg7 4. e4 cxd4 5. Nxd4 Nf6 6. Nc3 O-O 7. Be2 Nc6 8. Be3 b6 9. O-O Bb7 10. Nxc6 dxc6 11. c5 Qc7 12. Qb3 b5 13. Rad1 Rad8 14. Qc2 Bc8 15. f3 Rxd1 16. Rxd1 Rd8 17. Rxd8+ Qxd8 18. Qd1 Qxd1+ 19. Nxd1 Nd7 20. b4 Nf8 21. Bd2 Be6 22. a3 Bb3 23. Nc3 Ne6 24. Kf1 Nd4 25. Bd3 Nc2 26. Bxc2 Bxc2 27. Ke2 Kf8 28. Be1 Ke8 29. Kd2 Bb3 30. Bf2 Kd7 31. Be3 Kc7 32. g3 Kb7 33. Kd3 a5 34. Bd4 e5 35. Be3 a4 36. g4 Kc7 37. Ne2 Kd7 38. Kd2 Ke6 39. Ng3 Bf6 40. Nf1 Bc4 41. Ng3 Bh4 42. Kd1 f6 43. Kd2 Ke7 44. Kd1 Bf7 45. Kd2 Be6 46. Ke2 Kf7 47. Kd2 Kg7 48. Ke2 Bd7 49. Kd2 h5 50. gxh5 f5 51. exf5 gxf5 52. f4 e4 53. Bd4+ Kh6 54. Ke3 Be6 55. Be5 Bxg3 56. hxg3 Kxh5 57. Kf2 Kg4 58. Bb2 Bd5 1/2-1/2


[Site "https://www.chess.com"]

[Event "Titled Tuesday Blitz May 25 2021"]
[White "Lazavik, Denis"]
[Black "Gelman, Alexander"]
[WhiteFideId "13515110"]
[BlackFideId "4118316"]
[WhiteElo "2436"]
[BlackElo "2375"]
[Result "1-0"]
[Round "07"]
[TimeControl "180+1"]
[Date "2021.05.25"]
[WhiteClock "0:01:03"]
[BlackClock "0:00:32"]

1. d4 Nf6 2. c4 c5 3. d5 d6 4. Nc3 Nbd7 5. e4 h6 6. f4 g5 7. fxg5 hxg5 8. Bxg5 Bg7 9. Nf3 Nh5 10. Be2 Ng3 11. Rg1 Nxe2 12. Qxe2 Qa5 13. Bd2 a6 14. Nd1 Qa4 15. Bc3 Bxc3+ 16. Nxc3 Qb4 17. O-O-O f6 18. a3 Qa5 19. g4 b5 20. cxb5 Rb8 21. g5 axb5 22. gxf6 exf6 23. e5 dxe5 24. Ne4 b4 25. Nxf6+ Kd8 26. Nxe5 Nxe5 27. Qxe5 Rb6 28. Rg7 1-0


[Site "https://www.chess.com"]

[Event "Titled Tuesday Blitz May 25 2021"]
[White "Leitao, Rafael"]
[Black "Fayzullaev, Akmal"]
[WhiteFideId "2101246"]
[BlackFideId "14200554"]
[WhiteElo "2609"]
[BlackElo "2264"]
[Result "1-0"]
[Round "07"]
[TimeControl "180+1"]
[Date "2021.05.25"]
[WhiteClock "0:00:11"]
[BlackClock "0:00:07"]

1. c4 Nf6 2. Nc3 g6 3. g3 Bg7 4. Bg2 O-O 5. Nf3 d6 6. d4 Nc6 7. O-O Bg4 8. h3 Bxf3 9. Bxf3 Nd7 10. e3 e5 11. d5 Ne7 12. Bg2 f5 13. e4 a5 14. Bd2 Nc5 15. Qc2 Qd7 16. Be3 b6 17. Rae1 f4 18. Bxc5 bxc5 19. Qd1 f3 20. Bxf3 Qxh3 21. Bg4 Qh6 22. Be6+ Kh8 23. Kg2 Qg5 24. Rh1 Qf6 25. Qd2 Qf3+ 26. Kg1 h5 27. Qe3 Kh7 28. Qxf3 Rxf3 29. Kg2 Raf8 30. Re2 Rd3 31. Nb5 Ng8 32. Nxc7 Nf6 33. Nb5 Rd8 34. Rc1 Bf8 35. Rc3 Rd1 36. Rb3 Rb8 37. Ra3 Ra8 38. Nc3 Rd4 39. Ra4 Rb8 40. Rxa5 Rxc4 41. Ra7+ Kh6 42. a4 Rcb4 43. a5 h4 44. a6 hxg3 45. fxg3 Rxb2 46. Rf7 Rxe2+ 47. Nxe2 Rb2 48. Kf3 Bg7 49. a7 Ra2 50. Nc3 Ra3 51. Ke2 Nh7 52. Rb7 Ng5 53. Nb5 Ra5 54. Rb8 Nxe4 55. a8=N Rxb5 56. Rxb5 Nc3+ 57. Kd3 Nxb5 58. Nb6 Nc3 59. Kxc3 e4+ 60. Kd2 Be5 61. g4 Kg5 62. Nc4 Bf4+ 63. Ke2 Kf6 64. Bd7 g5 65. Bf5 Kf7 66. Bxe4 Kf6 67. Bf5 Bg3 68. Kd3 Bf4 69. Kc2 Ke7 70. Kb3 Kd8 71. Ka4 Kc7 72. Kb5 Bg3 73. Nd2 Bf4 74. Ne4 Kb7 75. Bd7 Kc7 76. Bc6 Be3 77. Nf6 Bf4 78. Ka6 Be3 79. Ne8+ Kd8 80. Nxd6 Kc7 81. Nc4 Bd4 82. Kb5 Bf2 83. d6+ Kc8 84. Kb6 Kd8 85. Kb7 Bg3 86. d7 Bf4 87. Bb5 Bg3 88. Kc6 Bf4 89. Na5 Ke7 90. Nb7 Bc7 91. Kxc7 1-0


[Site "https://www.chess.com"]

[Event "Titled Tuesday Blitz May 25 2021"]
[White "Madaminov, Mukhiddin"]
[Black "Abdrlauf, Elham"]
[WhiteFideId "14210703"]
[BlackFideId "1533533"]
[WhiteElo "1747"]
[BlackElo "2326"]
[Result "0-1"]
[Round "07"]
[TimeControl "180+1"]
[Date "2021.05.25"]
[WhiteClock "0:00:13"]
[BlackClock "0:00:15"]

1. e4 c6 2. Nf3 d5 3. Nc3 dxe4 4. Nxe4 Nf6 5. Nxf6+ exf6 6. Bc4 Bd6 7. h3 O-O 8. O-O Re8 9. d4 Nd7 10. Re1 Nf8 11. c3 Bf5 12. Bd2 Ng6 13. a4 Qd7 14. Rxe8+ Rxe8 15. Qf1 Be4 16. Ne1 Bc7 17. Bd3 Qd6 18. g3 f5 19. Rd1 h5 20. Bxe4 fxe4 21. Qg2 h4 22. g4 Qd5 23. b4 Bf4 24. Be3 Qb3 25. Rc1 Qxa4 26. g5 Qa3 27. Rc2 Qa1 28. Rc1 Qb2 29. Rc2 Qb3 30. Qg4 Bxe3 31. fxe3 Qb1 32. Kf1 a5 33. bxa5 Qb5+ 34. Kg1 Qxa5 35. Kf1 c5 36. Qd7 Rf8 37. Qd5 Qa6+ 38. Kg2 cxd4 39. cxd4 Re8 40. Rf2 Qe6 41. Qxb7 Rd8 42. Nc2 Rd5 43. Nb4 Rxg5+ 44. Kf1 f6 45. Qb8+ Kh7 46. Ke2 Qxh3 47. Qe8 Qg4+ 48. Kd2 h3 49. Nd5 Qg3 50. Nxf6+ gxf6 51. Qf7+ Kh6 52. Qxf6 Qxf2+ 53. Qxf2 Rg2 54. Ke2 Kg5 55. d5 Ne5 56. d6 Rxf2+ 57. Kxf2 Kf5 58. Kg3 Ke6 59. Kxh3 Kxd6 60. Kg3 Kd5 61. Kf4 Nc4 62. Kg3 Nxe3 63. Kf4 Nc4 64. Kg3 Kd4 65. Kf2 e3+ 66. Ke1 Ke4 67. Ke2 Kd4 68. Ke1 Kd3 69. Kd1 e2+ 70. Ke1 Nd2 71. Kf2 Nf3 72. Kxf3 e1=Q 73. Kf4 Qe6 74. Kg5 Qf7 0-1


[Site "https://www.chess.com"]

[Event "Titled Tuesday Blitz May 25 2021"]
[White "Maghsoodloo, Parham"]
[Black "Harutjunyan, Gevorg"]
[WhiteFideId "12539929"]
[BlackFideId "13300873"]
[WhiteElo "2601"]
[BlackElo "2498"]
[Result "1-0"]
[Round "07"]
[TimeControl "180+1"]
[Date "2021.05.25"]
[WhiteClock "0:00:37"]
[BlackClock "0:00:02"]

1. e4 c6 2. Nc3 d5 3. Nf3 Bg4 4. h3 Bxf3 5. Qxf3 Nf6 6. d3 e6 7. g3 Bc5 8. Bg2 O-O 9. O-O Nbd7 10. Qe2 Qb8 11. Kh1 a5 12. f4 a4 13. a3 b5 14. g4 d4 15. Nb1 Ne8 16. Nd2 e5 17. f5 Nd6 18. g5 b4 19. h4 Qb5 20. Bh3 Bb6 21. f6 Nc5 22. axb4 Qxb4 23. fxg7 Rfe8 24. Qh5 Ne6 25. Bxe6 Rxe6 26. Nc4 Ra7 27. Bd2 Qc5 28. Rxa4 Rxa4 29. Nxd6 Rg6 30. Nxf7 Ra7 31. Qf3 Qe7 32. Nh6+ Rxh6 33. Qf8+ Qxf8 34. gxf8=Q# 1-0


[Site "https://www.chess.com"]

[Event "Titled Tuesday Blitz May 25 2021"]
[White "Maiorov, Nikita"]
[Black "Bortnyk, Olexandr"]
[WhiteFideId "13501720"]
[BlackFideId "14120828"]
[WhiteElo "2440"]
[BlackElo "2723"]
[Result "0-1"]
[Round "07"]
[TimeControl "180+1"]
[Date "2021.05.25"]
[WhiteClock "0:00:26"]
[BlackClock "0:00:42"]

1. d4 d6 2. g3 g6 3. Bg2 Bg7 4. Nf3 Nf6 5. c4 O-O 6. Nc3 Bf5 7. O-O Ne4 8. Qb3 Nxc3 9. bxc3 Be4 10. Bh3 b6 11. Bf4 Nc6 12. Nd2 Na5 13. Qa3 Bb7 14. e4 e5 15. Be3 Re8 16. Rfe1 c5 17. d5 Bc8 18. Bf1 f5 19. Qc1 Qf6 20. exf5 Bxf5 21. Nf3 e4 22. Nh4 Qxc3 23. Nxf5 gxf5 24. Bh3 Qxa1 25. Qxa1 Bxa1 26. Rxa1 Nxc4 27. Bf4 Rf8 28. f3 exf3 29. Kf2 Ne5 30. Re1 0-1


[Site "https://www.chess.com"]

[Event "Titled Tuesday Blitz May 25 2021"]
[White "Maksimovic, Bojan"]
[Black "Miszler, Levente"]
[WhiteFideId "14408120"]
[BlackFideId "763276"]
[WhiteElo "2437"]
[BlackElo "1967"]
[Result "0-1"]
[Round "07"]
[TimeControl "180+1"]
[Date "2021.05.25"]
[WhiteClock "0:00:03"]
[BlackClock "0:00:08"]

1. g3 Nf6 2. Bg2 e6 3. d3 d5 4. Nd2 Be7 5. e4 O-O 6. Nh3 c5 7. O-O Nc6 8. f4 b5 9. Nf2 Bb7 10. e5 Nd7 11. c4 bxc4 12. dxc4 Nb6 13. cxd5 Nxd5 14. Nde4 Nd4 15. Re1 Qb6 16. Bd2 Rfd8 17. Rc1 Rac8 18. Qh5 g6 19. Qh6 Nf5 20. Qh3 h5 21. Bc3 c4 22. Kh1 Nde3 23. Bf3 Rd7 24. Re2 Rcd8 25. Rce1 Nd1 26. Qf1 Nde3 27. Qg1 Kg7 28. Nh3 Bc5 29. Nhf2 Nd1 30. Qg2 Nxf2+ 31. Nxf2 Ne3 32. Bxb7 Nxg2 33. Bxg2 Bxf2 34. Rf1 Bd4 35. Be1 Bxb2 36. Be4 c3 37. Kg2 Rd2 38. Rff2 Rxe2 39. Rxe2 Qd4 40. Bf2 Qd1 41. Kf3 Rd2 42. Bd3 Rxe2 43. Be3 Rd2+ 44. Be2 Qxe2+ 45. Ke4 Rd3 46. f5 Qxe3# 0-1


[Site "https://www.chess.com"]

[Event "Titled Tuesday Blitz May 25 2021"]
[White "Maly, Alexey"]
[Black "Garcia Ramos, Daniel"]
[WhiteFideId "14103184"]
[BlackFideId "32010311"]
[WhiteElo "2314"]
[BlackElo "2334"]
[Result "1-0"]
[Round "07"]
[TimeControl "180+1"]
[Date "2021.05.25"]
[WhiteClock "0:00:57"]
[BlackClock "0:00:03"]

1. d4 d5 2. c4 c6 3. e3 Nf6 4. Bd3 dxc4 5. Bxc4 e6 6. Nf3 Be7 7. O-O O-O 8. Nc3 Nbd7 9. Qe2 b5 10. Bd3 a6 11. a3 c5 12. dxc5 Nxc5 13. Bc2 Bb7 14. b4 Nce4 15. Nxe4 Nxe4 16. Bb2 Bf6 17. Rfd1 Qe7 18. Bxf6 Qxf6 19. Bxe4 Bxe4 20. Rac1 Rac8 21. Nd4 Bd5 22. Qg4 g6 23. Qg3 e5 24. Nf3 Bxf3 25. Qxf3 Qe6 26. Qb7 Rxc1 27. Rxc1 Rd8 28. h3 Kg7 29. Qc7 Rd3 30. Rc6 Qf5 31. Rxa6 Rd2 32. f4 exf4 33. Qc3+ Qf6 34. Qxd2 f3 35. Rxf6 1-0


[Site "https://www.chess.com"]

[Event "Titled Tuesday Blitz May 25 2021"]
[White "Martinez Alcantara, Jose Eduardo"]
[Black "Visakh N R"]
[WhiteFideId "3805662"]
[BlackFideId "25012223"]
[WhiteElo "2690"]
[BlackElo "2428"]
[Result "0-1"]
[Round "07"]
[TimeControl "180+1"]
[Date "2021.05.25"]
[WhiteClock "0:00:03"]
[BlackClock "0:00:11"]

1. e4 c5 2. Nf3 Nc6 3. Nc3 e5 4. Bc4 Be7 5. d3 Nf6 6. Nd2 O-O 7. Nf1 Nd4 8. Ne3 b5 9. Bb3 Bb7 10. Bd5 Nxd5 11. Ncxd5 Bg5 12. c3 Ne6 13. O-O d6 14. a4 a6 15. Nf5 Bxc1 16. Rxc1 Bxd5 17. exd5 Nf4 18. Qf3 Qf6 19. Qe4 bxa4 20. Ra1 Rfb8 21. Rfb1 Nxd5 22. Qxd5 Qxf5 23. Rxa4 Qe6 24. Qf3 Qb3 25. Raa1 a5 26. h4 a4 27. Kh2 h6 28. Ra3 Qc2 29. Raa1 Ra6 30. Qf5 Rab6 31. Rf1 Rxb2 32. Qd7 Qxd3 33. Rad1 Rd2 34. Rxd2 Qxd2 35. Qxa4 Qxc3 36. Rd1 Qb4 37. Qa7 Qxh4+ 38. Kg1 Rd8 39. Qc7 Qf6 40. g3 h5 41. Qc6 g6 42. Kg2 Kg7 43. Rd3 Qe6 44. Qb6 e4 45. Re3 Rd7 46. Qb5 Re7 47. f3 exf3+ 48. Rxf3 Qe2+ 0-1


[Site "https://www.chess.com"]